[Event "Early-Titled-Tuesday-Blitz-January-23-2024"]
[Site "Chess.com"]
[Date "2024.01.23"]
[Round "7"]
[White "PawnEatingZombie"]
[Black "medalja"]
[Result "0-1"]
[WhiteElo "2103"]
[BlackElo "2388"]
[TimeControl "180+1"]
[EndTime "9:17:38 PST"]
[Termination "medalja won on time"]

1. e4 e6 2. d4 d5 3. exd5 exd5 4. Bf4 Bd6 5. Qd2 Ne7 6. Nc3 c6 7. O-O-O Qc7 8. Bxd6 Qxd6 9. f3 O-O 10. g4 Nd7 11. h4 b5 12. Nh3 Nb6 13. Qf4 Qxf4+ 14.
Nxf4 a5 15. h5 b4 16. Nb1 Bd7 17. h6 g6 18. Nd3 Nec8 19. Nc5 Nd6 20. Nd2 Rfe8 21.
Bd3 f6 22. Rde1 Kf7 23. a4 Rxe1+ 24. Rxe1 f5 25. g5 Bc8 26. f4 Ra7 27. Nf3 Rc7 28. Ne5+ Kf8 29. b3 Ne4 30. Rh1 Ke7 31. Nxg6+ Kf7 32.
Ne5+ Kg8 33. Bxe4 dxe4 34. Kd2 Nd5 35. Rh4 Nc3 36. g6 Nd5 0-1

[Event "Early-Titled-Tuesday-Blitz-January-23-2024"]
[Site "Chess.com"]
[Date "2024.01.23"]
[Round "7"]
[White "Viktor_Poddubnyi"]
[Black "lularobs"]
[Result "1-0"]
[WhiteElo "2250"]
[BlackElo "1574"]
[TimeControl "180+1"]
[EndTime "9:17:38 PST"]
[Termination "Viktor_Poddubnyi won on time"]

1. e4 e6 2. d4 d5 3. Nd2 c5 4. exd5 Qxd5 5. Ngf3 Nc6 6. Bc4 Qd7 7. dxc5 Bxc5 8.
O-O Nf6 9. Nb3 Qxd1 10. Rxd1 Bb6 11. Bd2 O-O 12. Be1 Bc7 13. Nbd4 Ne5 14. Nxe5 Bxe5 15. c3 b6 16. Nc6 Bc7 17. Ne7+ Kh8 18. Nxc8 Raxc8 19. Be2 g5 20. Bd2 g4 21. Be3 h5 22. Rd3 Ne4 23. Rad1 f5 24. Rd7 Rfd8 25. Bd4+ e5 26. Rxc7 exd4 27. Rxc8 Rxc8 28. Rxd4 Kg7 29. f3 gxf3 30.
Bxf3 Nc5 31. Bxh5 Kf6 32. Bf3 Re8 33. Kf2 1-0

[Event "Early-Titled-Tuesday-Blitz-January-23-2024"]
[Site "Chess.com"]
[Date "2024.01.23"]
[Round "7"]
[White "InitiatingASC"]
[Black "sonicdravise"]
[Result "0-1"]
[WhiteElo "2434"]
[BlackElo "2632"]
[TimeControl "180+1"]
[EndTime "9:17:39 PST"]
[Termination "sonicdravise won on time"]

1. d4 Nf6 2. c4 c5 3. e3 e6 4. Nf3 d5 5. Nc3 cxd4 6. exd4 Bb4 7. Bg5 O-O 8. cxd5 exd5 9. Be2 Be6 10. O-O Nbd7 11. Ne5 Be7 12. Nxd7 Qxd7 13. Bd3 h6 14.
Bh4 Rac8 15. Rc1 Rfe8 16. Bb1 Bf5 17. Bxf5 Qxf5 18. Qb3 b6 19. Rfe1 Ne4 20. Nxe4 Rxc1 21. Rxc1 Bxh4 22. Ng3 Qf4 23. Qd1 Bg5 24. Rc2 h5 25.
Qxh5 Qxd4 26. h3 Bf4 27. Nf1 Qd3 28. Rc3 Qe2 29. Qxe2 Rxe2 30. g3 Be5 31. Rd3 Rxb2 32. Rxd5 f6 33. a4 Ra2 34. a5 Rxa5 35. Rxa5 bxa5 36.
Nd2 a4 0-1

[Event "Early-Titled-Tuesday-Blitz-January-23-2024"]
[Site "Chess.com"]
[Date "2024.01.23"]
[Round "7"]
[White "agvega14"]
[Black "stasOR4ik"]
[Result "0-1"]
[WhiteElo "2167"]
[BlackElo "2416"]
[TimeControl "180+1"]
[EndTime "9:17:39 PST"]
[Termination "stasOR4ik won on time"]

1. e4 c6 2. d4 d5 3. exd5 cxd5 4. Bd3 Nf6 5. c3 Nc6 6. Bf4 Bg4 7. Qb3 Qd7 8. Nd2 e6 9. Ngf3 Bd6 10. Bxd6 Qxd6 11. O-O O-O 12. Rfe1 Ne7 13. Ne5 Bf5 14. Bxf5 Nxf5 15. a4 h5 16. h3 h4 17. a5 Rab8 18.
Qd1 b6 19. axb6 Qxb6 20. b4 Rfc8 21. Ra3 Rb7 22. Qa1 Rbc7 23. Nd3 Ne4 24. Nxe4 dxe4 25. Nc5 e5 26. Ra6 Qb5 27. dxe5 e3 28. fxe3 Rxc5 29.
bxc5 Qxc5 30. Ra5 Qb6 31. Rxa7 Nxe3 32. Kh1 Nf5 33. Ra6 Qf2 34. Rf1 Ng3+ 35. Kh2 Nxf1+ 36.
Kh1 Ng3+ 37. Kh2 Ne4 38. Ra8 Qf4+ 39. Kh1 Rxa8 40. Qxa8+ Kh7 41. Qd5 Qc1+ 42. Kh2 Qf4+ 43. Kh1 g6 0-1

[Event "Early-Titled-Tuesday-Blitz-January-23-2024"]
[Site "Chess.com"]
[Date "2024.01.23"]
[Round "7"]
[White "Binary010"]
[Black "Denis_Makhnyov"]
[Result "0-1"]
[WhiteElo "2889"]
[BlackElo "3027"]
[TimeControl "180+1"]
[EndTime "9:17:40 PST"]
[Termination "Denis_Makhnyov won by resignation"]

1. e4 e5 2. Nf3 Nc6 3. Bc4 Bc5 4. c3 Nf6 5. d4 exd4 6. e5 d5 7. Bb5 Ne4 8. cxd4 Bb6 9. Nc3 O-O 10. Be3 Bg4 11. h3 Bh5 12. Qc2 Bxf3 13. gxf3 Ng5 14. O-O-O Nxf3 15. Bxc6 bxc6 16. Qe2 Nh4 17. Rhg1 Nf5 18.
Bg5 Qc8 19. Bf6 Kh8 20. Rxg7 Nxg7 21. Rg1 Rg8 22. Qh5 Bxd4 23. Qh6 Qf8 24. Rg5 Bxc3 25. Rh5 Bd2+ 26. Qxd2 Qc5+ 27. Kb1 Qc4 28. Rh4 Qf1+ 29. Kc2 Rab8 30. b3 Rb5 31. Qe3 d4 32. Qxd4 Qe2+ 33.
Kc3 Rd5 34. Qf4 Qd3+ 35. Kb2 Qd2+ 36. Qxd2 Rxd2+ 37. Kc3 Rxf2 38. Ra4 Ra8 39. Rg4 Rxf6 40. exf6 Ne6 41. Rc4 c5 0-1

[Event "Early-Titled-Tuesday-Blitz-January-23-2024"]
[Site "Chess.com"]
[Date "2024.01.23"]
[Round "7"]
[White "Young_Catalan_Player09"]
[Black "Quattroporte300"]
[Result "1-0"]
[WhiteElo "2574"]
[BlackElo "2445"]
[TimeControl "180+1"]
[EndTime "9:17:40 PST"]
[Termination "Young_Catalan_Player09 won by resignation"]

1. Nf3 b6 2. e4 Bb7 3. Nc3 c5 4. d4 cxd4 5. Nxd4 g6 6. Be3 Bg7 7. Bc4 d6 8. Qe2 Nf6 9. O-O-O O-O 10. e5 Nfd7 11. e6 Nc5 12. exf7+ Kh8 13. b4 e5 14. Ndb5 Ne4 15. Nxe4 Bxe4 16. Nxd6 Bc6 17. h4 Nd7 18. h5 g5 19. h6 Bf6 20. Bb5 Bxb5 21. Qxb5 a6 22. Qd5 Ra7 23. Ne8 Qe7 24. a3 Rc7 25.
Kb1 Rxe8 26. fxe8=Q+ Qxe8 27. Qd6 Qd8 28. Rd5 Rc3 29.
Rhd1 Rc7 30. Qxd7 Rxd7 31. Rxd7 Qe8 32. Rb7 Kg8 33. Rdd7 Kf8 34. Rdc7 Be7 35. Rxb6 Bxb4 36. axb4 Qd8 37. Bc5+ Ke8 38. Re6+ 1-0

[Event "Early-Titled-Tuesday-Blitz-January-23-2024"]
[Site "Chess.com"]
[Date "2024.01.23"]
[Round "7"]
[White "BashiqChess"]
[Black "SulfatoFerroso"]
[Result "0-1"]
[WhiteElo "2450"]
[BlackElo "2092"]
[TimeControl "180+1"]
[EndTime "9:17:40 PST"]
[Termination "SulfatoFerroso won on time"]

1. d4 d5 2. Nf3 Nf6 3. Bf4 c5 4.
e3 Nc6 5. Nbd2 Qb6 6. dxc5 Qxb2 7. Rb1 Qc3 8. Bb5 e6 9. O-O Be7 10. Nb3 O-O 11. Bxc6 bxc6 12. Be5 Qc4 13. Qd4 Qxd4 14.
Nfxd4 Bd7 15. f3 Ne8 16. Bg3 a5 17. a4 f6 18. f4 Nc7 19. Be1 Na6 20. Bxa5 e5 21.
fxe5 fxe5 22. Rxf8+ Rxf8 23. Nf3 Bf5 24. Nxe5 Bxc2 25. Rb2 Bg5 26. Bd2 Bxb3 27. Rxb3 Nxc5 28. Rb2 Ne4 29. Bc1 Bf6 30. Nd7 Bxb2 31. Bxb2 Rf2 32.
Bd4 Ra2 0-1

[Event "Early-Titled-Tuesday-Blitz-January-23-2024"]
[Site "Chess.com"]
[Date "2024.01.23"]
[Round "7"]
[White "vladgoncharov"]
[Black "snowlord"]
[Result "0-1"]
[WhiteElo "2637"]
[BlackElo "2861"]
[TimeControl "180+1"]
[EndTime "9:17:42 PST"]
[Termination "snowlord won by checkmate"]

1. d4 c6 2. c4 Nf6 3. Nf3 b5 4. e3 bxc4 5. Bxc4 Ba6 6. Bxa6 Qa5+ 7. Nc3 Qxa6 8. Qe2 e6 9. e4 d5 10. e5 Nfd7 11. Be3 c5 12. dxc5 Bxc5 13. Bxc5 Nxc5 14. Qxa6 Nbxa6 15. Kd2 Rb8 16. b3 Rb4 17. Rhe1 Kd7 18. Rac1 Rhb8 19. Ke3 f6 20. Red1 R8b6 21. h3 Nb8 22.
Nxd5 Re4+ 23. Kd2 Nxb3+ 24. axb3 exd5 25. exf6 gxf6 26. Rc3 Nc6 27. Ra1 Reb4 28. Kc2 Re4 29. Kd2 a5 30. Ra3 Kd6 31. Rd3 Rb5 32. g3 Reb4 33. Kc2 Ne5 34. Nxe5 fxe5 35. Rf3 Rc5+ 36. Kd2 Rd4+ 37. Rd3 Rxd3+ 38. Kxd3 e4+ 39. Kd4 Rb5 40.
Ra4 h6 41. g4 Rxb3 42. Rxa5 Rd3# 0-1

[Event "Early-Titled-Tuesday-Blitz-January-23-2024"]
[Site "Chess.com"]
[Date "2024.01.23"]
[Round "7"]
[White "dennisodessa"]
[Black "ContrVersia"]
[Result "0-1"]
[WhiteElo "2633"]
[BlackElo "2849"]
[TimeControl "180+1"]
[EndTime "9:17:42 PST"]
[Termination "ContrVersia won on time"]

1. d4 Nf6 2. c4 c5 3. d5 e6 4. Nc3 exd5 5. cxd5 d6 6. e4 g6 7. h3 Bg7 8. Nf3 O-O 9. Bd3 b5 10. Bxb5 Nxe4 11. Nxe4 Qa5+ 12. Nfd2 Qxb5 13. Nxd6 Qa6 14. N2c4 Nd7 15. O-O Ne5 16. Nxe5 Bxe5 17. Nxc8 Raxc8 18. Qc2 Rfd8 19. Rd1 Bd4 20. Be3 Rxd5 21. Bxd4 cxd4 22. Qd3 Qb6 23. Rd2 Re8 24. Rad1 Qd6 25. g3 Qd7 26. Kg2 Rd6 27. Qf3 Rd8 28. b4 d3 29. a3 h5 30. h4 Rd4 31. Qe3 Qd5+ 32. Kh2 Qb3 33. Qf3 Qxa3 34. b5 Qb3 35. Qc6 R4d6 36. Qc5 R8d7 37. Qc8+ Kg7 38. Qc5 Rd5 39. Qc6 Qb4 40. Qa6 Qc5 41. Kg2 Rd4 42. Qc6 Qf5 0-1

[Event "Early-Titled-Tuesday-Blitz-January-23-2024"]
[Site "Chess.com"]
[Date "2024.01.23"]
[Round "7"]
[White "tptagain"]
[Black "Msb2"]
[Result "1/2-1/2"]
[WhiteElo "2932"]
[BlackElo "3058"]
[TimeControl "180+1"]
[EndTime "9:17:43 PST"]
[Termination "Game drawn by repetition"]

1. e4 e6 2. Nf3 d5 3. Nc3 Nf6 4. e5 Nfd7 5. d4 c5 6. Bb5 Nc6 7. O-O Be7 8. Ne2 cxd4 9. Nexd4 Qc7 10. Re1 O-O 11. Bf4 Nc5 12. c3 a6 13. Bd3 Nxd4 14. Nxd4 Nxd3 15. Qxd3 Bd7 16. Qg3 Kh8 17. Re3 Qc4 18. a3 a5 19. Rae1 b5 20. Qg4 f5 21.
exf6 Bxf6 22. Qg3 b4 23. axb4 axb4 24. Bd6 bxc3 25. bxc3 Rfe8 26. Be5 Bxe5 27. Qxe5 Rf8 28. h4 Qc8 29. Rf3 Rxf3 30. Nxf3 Qb8 31. Qd4 Ra4 32.
Qd3 h6 33. Ne5 Be8 34. Qf3 Kg8 35. h5 Qd6 36. Ng6 Bf7 37. g3 Ra8 38. Qd3 Re8 39.
c4 d4 40. Re5 Bxg6 41. Qxg6 Qxe5 42. Qxe8+ Kh7 43. Qg6+ Kg8 44. Qe8+ Kh7 45. Qg6+ Kg8 46. Qe8+ 1/2-1/2

[Event "Early-Titled-Tuesday-Blitz-January-23-2024"]
[Site "Chess.com"]
[Date "2024.01.23"]
[Round "7"]
[White "tandaleo"]
[Black "brm72"]
[Result "1-0"]
[WhiteElo "2548"]
[BlackElo "2687"]
[TimeControl "180+1"]
[EndTime "9:17:43 PST"]
[Termination "tandaleo won by resignation"]

1. b3 e5 2. Bb2 e4 3. c4 Nf6 4. Nc3 c6 5. d4 d5 6. e3 Bb4 7. a3 Ba5 8. Ne2 O-O 9. Nf4 h6 10. h4 Bg4 11. Qc2 Nbd7 12. b4 Bc7 13. a4 Bxf4 14.
exf4 Re8 15. Bc1 e3 16. Bxe3 Nh5 17. Be2 Bxe2 18. Nxe2 dxc4 19. g4 Nhf6 20. g5 Ng4 21. gxh6 Nxh6 22. Rg1 Qxh4 23. O-O-O a5 24. Rg3 Re7 25.
Rdg1 f6 26. Qxc4+ Kh8 27. b5 cxb5 28. Qxb5 Rc8+ 29. Kb1 Nf8 30. Rxg7 Rxg7 31. Rxg7 Kxg7 32. Qxb7+ Nf7 33. Qxc8 Qh1+ 34. Nc1 Qe4+ 35. Qc2 Qd5 36. Nb3 Ne6 37. Nc5 Nxd4 38. Bxd4 Qxd4 39. Ne6+ 1-0

[Event "Early-Titled-Tuesday-Blitz-January-23-2024"]
[Site "Chess.com"]
[Date "2024.01.23"]
[Round "7"]
[White "OneTrickPony_82"]
[Black "Kapitan_Bayan"]
[Result "0-1"]
[WhiteElo "2497"]
[BlackElo "2341"]
[TimeControl "180+1"]
[EndTime "9:17:43 PST"]
[Termination "Kapitan_Bayan won on time"]

1. d4 d5 2. c4 c6 3. Nf3 Nf6 4. cxd5 cxd5 5. Nc3 Nc6 6. Bf4 a6 7. Qb3 e6 8. e3 Bd6 9. Bg3 O-O 10. Bd3 b5 11. Rc1 Na5 12. Qc2 Nc4 13. Bh4 h6 14. e4 b4 15. Na4 Qa5 16. b3 Na3 17. Qe2 dxe4 18. Bxe4 Nxe4 19. Qxe4 Rb8 20. Nc5 Nb5 21. O-O Nc3 22. Qe3 Bxc5 23. dxc5 Bb7 24. Ne5 Bd5 25. Nd7 Qb5 26. Nxf8 Ne2+ 27. Kh1 Nxc1 28. Rxc1 Rxf8 29.
Bg3 Rc8 30. Bd6 Qc6 31. f3 a5 32. h3 a4 33. Kh2 axb3 34. axb3 Qa6 35. Qd4 Qa3 36.
Re1 Qxb3 37. Re3 Qc4 38. Qe5 f6 39. Qg3 b3 0-1

[Event "Early-Titled-Tuesday-Blitz-January-23-2024"]
[Site "Chess.com"]
[Date "2024.01.23"]
[Round "7"]
[White "NowInChess"]
[Black "PattyCastillo"]
[Result "1-0"]
[WhiteElo "2281"]
[BlackElo "1957"]
[TimeControl "180+1"]
[EndTime "9:17:43 PST"]
[Termination "NowInChess won on time"]

1. e4 c5 2. d3 Nc6 3. g3 g6 4.
Bg2 Bg7 5. f4 d6 6. Nf3 Nf6 7.
O-O O-O 8. Nc3 Bg4 9. h3 Bxf3 10.
Qxf3 Nd4 11. Qf2 b5 12. e5 Nd7 13. Bxa8 Qxa8 14. exd6 exd6 15. Nd1 Nf5 16. c3 b4 17. g4 bxc3 18. gxf5 Bd4 19. Be3 cxb2 20. Bxd4 cxd4 21. Nxb2 Qd5 22. fxg6 hxg6 23. Qg2 Qf5 24. Qg4 Qb5 25. Rab1 Nf6 26. Qg5 Qxg5+ 27. fxg5 Nh5 28.
Nc4 Ng3 29. Rf2 Nf5 30. Rb7 a6 31. Rb6 d5 32. Ne5 Re8 33. Nf3 Re3 34. Rxa6 Rxd3 35. a4 Rd1+ 36. Kh2 Ra1 37. Rd2 Kg7 38. Nxd4 Nh4 39.
Rf2 Rd1 40. Nf3 1-0

[Event "Early-Titled-Tuesday-Blitz-January-23-2024"]
[Site "Chess.com"]
[Date "2024.01.23"]
[Round "7"]
[White "AvitalBor"]
[Black "verrbaa"]
[Result "1-0"]
[WhiteElo "2771"]
[BlackElo "2495"]
[TimeControl "180+1"]
[EndTime "9:17:44 PST"]
[Termination "AvitalBor won on time"]

1. c4 Nf6 2. e3 g6 3. g4 h6 4. Bg2 Bg7 5. Nc3 d6 6. h3 O-O 7. Nge2 e5 8. d4 c6 9. b3 exd4 10. Nxd4 Re8 11. O-O h5 12. g5 Nh7 13. h4 f6 14. Qd3 Nf8 15. Ne4 f5 16. Nc3 Nbd7 17. Ba3 Nc5 18. Qc2 a5 19. Rad1 Qc7 20. Ndb5 cxb5 21. Nxb5 Qe7 22. Nxd6 Nce6 23. Nxe8 Qxe8 24. Rd6 Rb8 25. Rfd1 Bd7 26. Bb2 Qe7 27. Bxg7 Qxg7 28. c5 Qe7 29. a3 Rc8 30. b4 axb4 31. axb4 Bc6 32. Qc4 Bxg2 33. Kxg2 Re8 34. b5 Qf7 35. Qd5 f4 36. c6 bxc6 37. bxc6 fxe3 38. fxe3 Rc8 39. Rf1 Nf4+ 40. Rxf4 Qxd5+ 41. Rxd5 Rxc6 42. Rd8 1-0

[Event "Early-Titled-Tuesday-Blitz-January-23-2024"]
[Site "Chess.com"]
[Date "2024.01.23"]
[Round "7"]
[White "Njal28"]
[Black "Elsa167"]
[Result "0-1"]
[WhiteElo "3038"]
[BlackElo "2929"]
[TimeControl "180+1"]
[EndTime "9:17:46 PST"]
[Termination "Elsa167 won on time"]

1. d4 Nf6 2. c4 g6 3. Nc3 Bg7 4. e4 d6 5. Bd3 O-O 6. Nge2 Nc6 7. O-O Nd7 8. Bc2 e5 9. d5 Ne7 10. Rb1 f5 11. exf5 gxf5 12. b4 a5 13. a3 axb4 14. axb4 Ng6 15. f3 Qh4 16. Be3 Nb6 17. Bf2 Qg5 18. c5 Nc4 19. Qc1 Nf4 20. Nxf4 exf4 21. Ne2 Ne3 22. Bxe3 fxe3 23. f4 Qe7 24. cxd6 cxd6 25.
Rb3 Re8 26. Rf3 Ra1 27. Bb1 Bd4 28. Nxd4 e2 29. Rg3+ Kf7 30. Nxe2 Qxe2 31. Rbc3 Qe1+ 32. Qxe1 Rxe1+ 33. Kf2 Rexb1 34. Rxc8 Rb2+ 35. Ke3 Ra3+ 36. Kd4 Rd2+ 37. Kc4 Rxg3 0-1

[Event "Early-Titled-Tuesday-Blitz-January-23-2024"]
[Site "Chess.com"]
[Date "2024.01.23"]
[Round "7"]
[White "Szczor"]
[Black "mary-sanna"]
[Result "1-0"]
[WhiteElo "2578"]
[BlackElo "2207"]
[TimeControl "180+1"]
[EndTime "9:17:49 PST"]
[Termination "Szczor won on time"]

1. d4 d5 2. c4 e6 3. Nc3 Nf6 4. Nf3 c5 5. Bg5 Nc6 6. e3 Be7 7. dxc5 O-O 8. cxd5 exd5 9. Be2 Bxc5 10. O-O Be6 11. Rc1 Be7 12. Nd4 Bd7 13. Bxf6 Bxf6 14. Nxd5 Nxd4 15. exd4 Bg5 16. Ne3 Re8 17. Qb3 Bc6 18. Bc4 Re7 19. d5 Be8 20. Rcd1 Bxe3 21. fxe3 Qd6 22. Rfe1 Rd8 23. Qa3 Qe5 24. d6 Red7 25.
Rd5 Qe4 26. Rd4 Qe5 27. Red1 a6 28. Qd3 b5 29. Bb3 h6 30. Rd5 Qxb2 31. e4 a5 32. e5 a4 33. Bc2 g6 34. h4 Qb4 35. h5 1-0

[Event "Early-Titled-Tuesday-Blitz-January-23-2024"]
[Site "Chess.com"]
[Date "2024.01.23"]
[Round "7"]
[White "ukchessbomber"]
[Black "otrov-11"]
[Result "1-0"]
[WhiteElo "2677"]
[BlackElo "2513"]
[TimeControl "180+1"]
[EndTime "9:17:50 PST"]
[Termination "ukchessbomber won by resignation"]

1. b4 Nf6 2. Bb2 g6 3. d4 Bg7 4. Nf3 O-O 5. e3 d6 6. Be2 Nbd7 7. O-O e5 8. dxe5 Ng4 9. c4 Ngxe5 10. Nxe5 Nxe5 11.
Qd2 Be6 12. Rc1 Re8 13. f4 Ng4 14. Bxg7 Kxg7 15. Bxg4 Bxg4 16. Nc3 Kg8 17. Qd4 c5 18. bxc5 dxc5 19. Qxd8 Raxd8 20. Nd5 Kg7 21. Kf2 Be6 22.
Rd1 Rd6 23. e4 Red8 24. Rab1 b6 25. a4 f5 26. e5 R6d7 27. a5 Bxd5 28. cxd5 Rxd5 29.
Rxd5 Rxd5 30. axb6 axb6 31. Rxb6 g5 32. Rb7+ Kg6 33.
g3 gxf4 34. gxf4 Rd4 35. Kf3 Rd3+ 36. Ke2 c4 37. Rc7 Rh3 38. Rxc4 Rxh2+ 39. Ke3 Rh1 40. Rc6+ Kh5 41. e6 Kg4 42. Kf2 Ra1 43. e7 Ra8 44.
Re6 Re8 45. Ke3 h5 46. Rg6+ Kh3 47. Rg7 h4 48. Kd4 Kh2 49. Ke5 h3 50. Kxf5 Kh1 51.
Kf6 h2 52. Rh7 Ra8 53. Kf7 Ra7 54. f5 Ra4 55. f6 Ra7 56. Kf8 Ra6 57. f7 Kg2 58.
e8=Q 1-0

[Event "Early-Titled-Tuesday-Blitz-January-23-2024"]
[Site "Chess.com"]
[Date "2024.01.23"]
[Round "7"]
[White "ilqar_74"]
[Black "nekotyanof"]
[Result "1-0"]
[WhiteElo "2895"]
[BlackElo "2660"]
[TimeControl "180+1"]
[EndTime "9:17:51 PST"]
[Termination "ilqar_74 won by checkmate"]

1. e4 c5 2. Nf3 Nc6 3. d4 cxd4 4. Nxd4 Nf6 5. Nc3 e5 6. Nf5 d5 7. Bg5 Bxf5 8. exf5 Bb4 9. a3 Bxc3+ 10. bxc3 Qa5 11.
Bd2 Ne4 12. Bd3 Nxd2 13. Qxd2 e4 14. Be2 d4 15. O-O Qxc3 16. Qg5 d3 17. cxd3 exd3 18. Rac1 Qd4 19. Rfd1 O-O 20. Rxd3 Qb2 21. Rf1 f6 22.
Qh5 Rfe8 23. Bf3 Ne5 24. Bd5+ Kf8 25. Rb3 Qd2 26. Be6 b6 27. Qxh7 Qh6 28. Qxh6 gxh6 29. f4 Nc6 30. Rh3 Nd4 31. Rxh6 Kg7 32. Rg6+ Kh7 33.
Rxf6 Rf8 34. Rxf8 Rxf8 35. g4 b5 36. Kg2 a5 37. Kg3 Ne2+ 38. Kf3 Nd4+ 39. Ke4 Nc2 40. Rf3 b4 41. axb4 axb4 42. Rh3+ Kg7 43. g5 Na1 44.
f6+ Kg6 45. Rh6# 1-0

[Event "Early-Titled-Tuesday-Blitz-January-23-2024"]
[Site "Chess.com"]
[Date "2024.01.23"]
[Round "7"]
[White "DarZay"]
[Black "tusplingher"]
[Result "0-1"]
[WhiteElo "2278"]
[BlackElo "2492"]
[TimeControl "180+1"]
[EndTime "9:17:51 PST"]
[Termination "tusplingher won by resignation"]

1. e4 c5 2. Nf3 d6 3. d4 Nf6 4.
e5 dxe5 5. Bb5+ Bd7 6. Bxd7+ Qxd7 7. dxe5 Qxd1+ 8. Kxd1 Nd5 9. c4 Nc7 10. Be3 Ne6 11.
Nc3 Nc6 12. Nd5 O-O-O 13. Kc2 g5 14. Bxg5 Rg8 15. Be3 Rxg2 16. Rhg1 Rg6 17. h4 Bg7 18. b3 Rd7 19. Ng5 Bxe5 20. Rae1 Nxg5 21. hxg5 e6 22.
Nc3 Nb4+ 23. Kb2 Nd3+ 24. Kc2 Nb4+ 25. Kb2 Nd3+ 26. Kc2 Nxe1+ 27. Rxe1 f6 28. gxf6 Bxc3 29. Kxc3 Rxf6 30. Bxc5 h5 31. Bd4 Rf3+ 32. Be3 h4 33. Rh1 h3 34. Rh2 Rg7 35. Kd4 Rg2 36. Rh1 h2 37.
Ke4 Rh3 38. f4 Re2 0-1

[Event "Early-Titled-Tuesday-Blitz-January-23-2024"]
[Site "Chess.com"]
[Date "2024.01.23"]
[Round "7"]
[White "only_strong_moves"]
[Black "MikaelyanArman"]
[Result "0-1"]
[WhiteElo "2618"]
[BlackElo "2833"]
[TimeControl "180+1"]
[EndTime "9:17:53 PST"]
[Termination "MikaelyanArman won by resignation"]

1. e4 c5 2. Nf3 Nc6 3. d4 cxd4 4. Nxd4 g6 5. c4 Bg7 6. Nc2 Nf6 7. Nc3 O-O 8. Be2 d6 9. O-O Nd7 10. Bd2 Nc5 11.
Bf3 Ne5 12. Be2 f5 13. exf5 Bxf5 14. Nd4 Bd7 15. b4 Ncd3 16. f4 Nxc4 17. Qb3 Bxd4+ 18.
Kh1 Nf2+ 19. Rxf2 Bxf2 20. Bxc4+ Kg7 21. Ne2 Rc8 22. Bc3+ Rf6 23. Bxf6+ exf6 24. Bd5 Qe7 25. Qf3 Rc2 26. Qxf2 Rxe2 27. Qxa7 Re1+ 28. Rxe1 Qxe1+ 29. Qg1 Qxb4 30. Qc1 Bc6 31. Bxc6 bxc6 32. h3 c5 33. Qe3 Kf7 34. Qf3 Qe1+ 35. Kh2 c4 36. Qd5+ Qe6 37. Qb7+ Kf8 38. Qb8+ Kg7 39. Qa7+ Qf7 40. Qd4 d5 41. a4 Qc7 42. Qxd5 c3 43. Qd1 Qxf4+ 44. Kh1 Qd2 45. Qb3 c2 46. Qb7+ Kh6 0-1

[Event "Early-Titled-Tuesday-Blitz-January-23-2024"]
[Site "Chess.com"]
[Date "2024.01.23"]
[Round "7"]
[White "Larina_Maria"]
[Black "Roedor"]
[Result "0-1"]
[WhiteElo "2179"]
[BlackElo "2295"]
[TimeControl "180+1"]
[EndTime "9:17:53 PST"]
[Termination "Roedor won on time"]

1. e4 e5 2. Nf3 Nc6 3. Nc3 Nf6 4. Bb5 Nd4 5. O-O Bc5 6. Nxe5 O-O 7. Nd3 Bb6 8. e5 Nxb5 9. Nxb5 Ne4 10. Qf3 d5 11. exd6 Ng5 12. Qh5 c6 13. Nc7 Rb8 14. a4 a5 15. Ne5 Ne4 16. Nc4 Bxf2+ 17. Rxf2 Nxf2 18. Kxf2 Qf6+ 19. Qf3 Qd4+ 20. Ne3 Qxd6 21. Qg3 Qf6+ 22. Kg1 Be6 23. Nxe6 fxe6 24. d3 Rbd8 25. Bd2 Qxb2 26.
Re1 Rde8 27. Ng4 Qd4+ 28. Be3 Qxa4 29. Bh6 Rf7 30. Ne5 Rfe7 31. Rf1 Qd4+ 32. Kh1 Kh8 33. Be3 Qd5 34. Nf7+ Kg8 35. Ne5 g6 36. c4 Qd8 37.
Nxg6 Rg7 0-1

[Event "Early-Titled-Tuesday-Blitz-January-23-2024"]
[Site "Chess.com"]
[Date "2024.01.23"]
[Round "7"]
[White "Kotlyar_K"]
[Black "GrotBchess"]
[Result "1-0"]
[WhiteElo "2497"]
[BlackElo "2303"]
[TimeControl "180+1"]
[EndTime "9:17:54 PST"]
[Termination "Kotlyar_K won by resignation"]

1. e4 c5 2. Nf3 e6 3. d4 cxd4 4.
Nxd4 Nc6 5. Nc3 Qc7 6. g3 a6 7. Bg2 Nf6 8. O-O Nxd4 9. Qxd4 Bc5 10. Bf4 d6 11. Qd3 h6 12. Na4 e5 13. Bd2 O-O 14. c4 Be6 15. Nc3 Bd4 16. b3 Rac8 17. Rac1 Rfd8 18.
Nd5 Bxd5 19. exd5 Qc5 20. Qf3 Qa7 21. Bxh6 e4 22. Qf4 gxh6 23. Qxh6 e3 24. Rc2 exf2+ 25. Kh1 Re8 26. Bh3 Re1 27. Qg5+ Kf8 28. Qh6+ Ke7 29. Qf4 Rh8 30. Bg2 Rxf1+ 31. Bxf1 Be3 32. Re2 Qd4 33.
Qxd4 Kd7 34. Qxe3 Ng4 35. Qe7+ Kc8 36. Qh4 Rxh4 37. gxh4 Kc7 38. h3 Ne5 39. Rxf2 Kb6 40. h5 Kc5 41. h6 Kd4 42. h7 Ke3 43. Rf6 1-0

[Event "Early-Titled-Tuesday-Blitz-January-23-2024"]
[Site "Chess.com"]
[Date "2024.01.23"]
[Round "7"]
[White "Arlo2024"]
[Black "Jojo_898"]
[Result "1-0"]
[WhiteElo "2311"]
[BlackElo "2439"]
[TimeControl "180+1"]
[EndTime "9:17:54 PST"]
[Termination "Arlo2024 won by resignation"]

1. e4 d6 2. d4 Nf6 3. Nc3 g6 4. Be3 c6 5. Qd2 h5 6. Nf3 b5 7. Bd3 b4 8. Ne2 a5 9. h3 Bg7 10. O-O O-O 11. Bh6 Nbd7 12. e5 Nh7 13. e6 Nb6 14.
exf7+ Rxf7 15. Bxg6 Rf6 16. Bxh7+ Kxh7 17. Ng5+ Kg8 18.
Bxg7 Kxg7 19. Ng3 Qe8 20. Qe2 Kh6 21. f4 Nd5 22. Rae1 Ba6 23. Qd2 Bxf1 24. Rxf1 Kg7 25. f5 Qd7 26. N5e4 Rh6 27. Qg5+ Kh7 28. Qh4 Rg8 29.
Ng5+ Kg7 30. Nxh5+ Kf8 31. Ne6+ Ke8 32. Nhg7+ Rxg7 33. Qxh6 Rg8 34. Qh7 Nf6 35. Qh4 c5 36. c3 bxc3 37.
bxc3 Qa4 38. Rb1 Kd7 39. Qf2 Ne4 40. Qf3 Qc2 41. Re1 Ng5 42. Nxg5 Rxg5 43. Qb7+ 1-0

[Event "Early-Titled-Tuesday-Blitz-January-23-2024"]
[Site "Chess.com"]
[Date "2024.01.23"]
[Round "7"]
[White "ATM622"]
[Black "Der_Balak_3Halak"]
[Result "0-1"]
[WhiteElo "2488"]
[BlackElo "2342"]
[TimeControl "180+1"]
[EndTime "9:17:56 PST"]
[Termination "Der_Balak_3Halak won on time"]

1. d4 d5 2. c4 c6 3. Nf3 Nf6 4. Nbd2 e6 5. g3 Be7 6. Bg2 O-O 7. O-O Nbd7 8. Qc2 b6 9. e4 dxe4 10. Nxe4 Bb7 11. b3 Nxe4 12. Qxe4 Nf6 13. Qc2 c5 14. Rd1 Qc8 15. Bb2 Be4 16. Qe2 Qb7 17. h3 Rfd8 18. dxc5 bxc5 19. Ne1 a5 20. Bxf6 Bxg2 21. Bxe7 Rxd1 22.
Rxd1 Bxh3 23. Bxc5 Rc8 24. Be3 Qe4 25. Qd3 Qa8 26.
c5 h5 27. Kh2 Bg4 28. f3 Bf5 29. Qd7 h4 30. g4 Bg6 31. Rd6 Rf8 32. c6 Qa6 33. Nd3 a4 34. c7 Qa8 35. Ne5 axb3 36.
axb3 Qa2+ 37. Kh3 Qe2 38. Rd1 Be4 0-1

[Event "Early-Titled-Tuesday-Blitz-January-23-2024"]
[Site "Chess.com"]
[Date "2024.01.23"]
[Round "7"]
[White "rionelG"]
[Black "Actuary44"]
[Result "0-1"]
[WhiteElo "2316"]
[BlackElo "2506"]
[TimeControl "180+1"]
[EndTime "9:17:56 PST"]
[Termination "Actuary44 won on time"]

1. e4 b6 2. d4 Bb7 3. Bd3 e6 4. Qe2 Nf6 5. c3 d5 6. e5 Nfd7 7. f4 c5 8. Nf3 Nc6 9. O-O Qc8 10. f5 Nd8 11. fxe6 Nxe6 12. Bf5 Be7 13. Bxe6 fxe6 14.
Ng5 Bxg5 15. Bxg5 Ba6 16. Qh5+ g6 17. Qh6 Rf8 18. Rxf8+ Nxf8 19. Na3 Qd7 20. c4 dxc4 21. Rf1 Qxd4+ 22. Be3 Qxe5 23. Qxf8+ Kd7 24. Qf7+ Kc6 25. Bf4 Qd4+ 26. Kh1 Qd7 27. Qf6 c3 28. Re1 Re8 29. Qxc3 Kb7 30. Qf3+ Qc6 31. Qxc6+ Kxc6 32. Kg1 Kd5 33.
Re5+ Kd4 34. Re1 e5 35. Be3+ Kd3 36. h3 Bb7 37. Bh6 e4 38. Nb1 e3 39. Nc3 Kd2 0-1